 Dungeon Crawl Stone Soup version 0.30.0-5-g1a98f26d00 (webtiles) character file.

Game seed: 5632033049494484252

66630 MacCMillion the Brawler (level 14, -7/144 HPs)
             Began as a Troll Fighter on May 12, 2023.
             Was a High Priest of Okawaru.
             Mangled by a two-headed ogre
             ... wielding a +0 giant spiked club
              (16 damage)
             ... on level 12 of the Dungeon.
             The game lasted 00:41:18 (22391 turns).

MacCMillion the Brawler (Troll Fighter)            Turns: 22391, Time: 00:41:18

Health: -7/144     AC:  6    Str: 31    XL:     14   Next: 79%
Magic:  20/20      EV: 20    Int:  4    God:    Okawaru [*****.]
Gold:   2644       SH: 11    Dex:  9    Spells: 13/13 levels left

rFire   + .          .
                       - Unarmed
rCold   + . .        b - +0 kite shield
rNeg    . . .        H - +0 acid dragon scales
rPois   .            (helmet restricted)
rElec   +            s - +0 cloak "Urphoshry" {*Corrode rElec rF+ rC+}
rCorr   +            (gloves unavailable)
SInv    .            (boots unavailable)
Will    +....        W - amulet of regeneration
Stlth   +            M - +5 ring of evasion
HPRegen 2.04/turn    T - +5 ring of evasion
MPRegen 0.17/turn

%: corrode self (3%)
@: spiked, corroded
A: large, unfitting armour, claws 3, regeneration 1, shaggy fur 1, tough skin 1
a: Renounce Religion, Heroism, Finesse, Duel


You were on level 12 of the Dungeon.
You worshipped Okawaru.
Okawaru was extremely pleased with you.
You visited 4 branches of the dungeon, and saw 21 of its levels.
You also visited: Bailey and Ice Cave.

You collected 2644 gold pieces.

Inventory:

Missiles
 h - 4 silver javelins
 j - 2 silver boomerangs
 l - 18 boomerangs
 u - 42 poisoned darts
 y - 2 throwing nets
 L - 6 large rocks (quivered)
 N - 12 atropa-tipped darts
 O - a curare-tipped dart
Armour
 b - a +0 kite shield (worn)
 s - the +0 cloak "Urphoshry" (worn) {*Corrode rElec rF+ rC+}
   (You acquired it on level 2 of the Lair of Beasts)

   rF:        It protects you from fire.
   rC:        It protects you from cold.
   rElec:     It insulates you from electricity.
   *Corrode:  It may corrode you when you take damage.
 H - +0 acid dragon scales (worn)
 I - the +10 tower shield of Ignorance {rN+ Int-4}
   (You acquired it on level 2 of the Lair of Beasts)

   Int:       It affects your intelligence (-4).
   rN:        It protects you from negative energy.
 Y - the +0 cloak of Summer {rPois rN+ Str+2}
   (Okawaru gifted it to you on level 4 of the Lair of Beasts)

   Str:       It affects your strength (+2).
   rPois:     It protects you from poison.
   rN:        It protects you from negative energy.
Jewellery
 a - a ring of fire
 B - an amulet of guardian spirit
 M - a +5 ring of evasion (left claw)
 S - an amulet of faith
 T - a +5 ring of evasion (right claw)
 U - a ring of see invisible
 V - a ring of protection from cold
 W - an amulet of regeneration (around neck)
 X - the amulet of the Four Winds {rN+ Will+++ Clar}
   (You found it on level 4 of the Lair of Beasts)

   [amulet of nothing]

   rN:        It protects you from negative energy.
   Clar:      It protects you from confusion, rage, mesmerisation and fear.
   Will:      It greatly increases your willpower.
Wands
 w - a wand of roots (33)
 J - a wand of flame (12)
 R - a wand of mindburst (10)
Scrolls
 e - 6 scrolls of teleportation
 f - 3 scrolls of magic mapping
 g - 4 scrolls of blinking
 m - 2 scrolls of noise
 o - 5 scrolls of enchant weapon
 q - a scroll of poison
 t - a scroll of silence
 A - a scroll of enchant armour
 D - a scroll of fog
 F - a scroll of amnesia
 K - 2 scrolls of immolation
 P - 3 scrolls of summoning
 Z - a scroll of brand weapon
Potions
 c - 2 potions of might
 d - 4 potions of haste
 i - 5 potions of attraction
 k - 8 potions of heal wounds
 n - 9 potions of curing
 p - a potion of degeneration {unknown}
 r - a potion of brilliance {unknown}
 v - 6 potions of lignification
 x - 3 potions of flight
 z - 3 potions of invisibility
 C - 3 potions of mutation
 E - 2 potions of berserk rage
 G - 3 potions of resistance
 Q - a potion of ambrosia {unknown}


   Skills:
 + Level 10.4 Fighting
 - Level 5.0 Throwing
 - Level 3.2 Armour
 - Level 5.4 Dodging
 - Level 13.0 Shields
 * Level 16.5 Unarmed Combat
 + Level 9.7 Invocations


You had 13 spell levels left.
You didn't know any spells.
Your spell library contained the following spells:

 Spells                   Type           Power      Damage    Failure   Level
 Foxfire                  Conj/Fire      0%         2x1d4     67%         1
 Magic Dart               Conj           0%         1d3       67%         1
 Necrotise                Necr           0%         1d4       67%         1
 Shock                    Conj/Air       0%         1d3       67%         1
 Cigotuvi's Dreadful Rot  Necr/Pois/Air  0%         N/A       82%         2
 Searing Ray              Conj           0%         2d4       82%         2
 Inner Flame              Hex/Fire       0%         N/A       96%         3
 Swiftness                Air            0%         N/A       96%         3
 Vampiric Draining        Necr           0%         2d6       96%         3
 Airstrike                Air            0%         2d(0-16)  100%        4
 Dispel Undead            Necr           0%         3d6       100%        4
 Fulminant Prism          Conj/Hex       0%         3d5       100%        4
 Agony                    Necr           0%         N/A       100%        5
 Fireball                 Conj/Fire      0%         3d3       100%        5
 Yara's Violent Unravell  Hex/Tmut       0%         3d3       100%        5
 Plasma Beam              Fire/Air       0%         2x1d11    100%        6
 Starburst                Conj/Fire      0%         6d3       100%        6
 Enfeeble                 Hex            0%         N/A       100%        7
 Borgnjor's Revivificati  Necr           0%         N/A       100%        8
 Necromutation            Tmut/Necr      0%         N/A       100%        8
 Death's Door             Necr           0%         N/A       100%        9
 Death Channel            Necr           Unusable   N/A       N/A         6
 Malign Gateway           Summ/Tloc      Unusable   N/A       N/A         7
 Summon Horrible Things   Summ           Unusable   N/A       N/A         8

Dungeon Overview and Level Annotations

Branches:
Dungeon (13/15)            Temple (1/1) D:4            Lair (5/5) D:8
 Shoals (0/4) Lair:2       Spider (0/4) Lair:2        Slime (0/5) Lair:5
    Orc (2/2) D:10            Elf (0/3) Orc:2        Bailey (visited)
  IceCv (visited)
 Vaults: D:13-14

Altars:
Ashenzari
Cheibriados
Dithmenos
Elyvilon
Fedhas
Gozag
Hepliaklqana
Kikubaaqudgha
Makhleb
Nemelex Xobeh
Okawaru
Qazlal
Ru
Sif Muna
Trog
Uskayaw
Vehumet
Wu Jian
Xom
Yredelemnul
Zin
The Shining One
Jiyva

Shops:
Orc:2 [=(*

Annotations:
D:11 1 runed translucent door
D:13 Frances
Lair:5 1 runed translucent door


Innate Abilities, Weirdness & Mutations

You are too large for most types of armour.
You have claws for hands.
Your natural rate of healing is unusually fast.
You are covered in fur. (AC +1)
You have tough skin. (AC +1)


Message History

Uppercase [Y]es or [N]o only, please.
The barbs in your skin will harm you if you move.
Continue?
The barbed spikes dig painfully into your body as you move.
Frances hits you with a +0 glaive!!
The red devil hits you with a +0 trident!
Your corrosive artefact corrodes you!
Barbed spikes become lodged in your body.
Frances attacks as you move away! Frances completely misses you.
The barbed spikes dig painfully into your body as you move.
Frances chants phrases taken from a devil's mouth.
You block the shard of ice. The red devil barely misses you.
You block Frances's attack.
The barbed spikes dig painfully into your body as you move.
The red devil hits you with a +0 trident!
Barbed spikes become lodged in your body.
There is a stone staircase leading up, spattered with blood here.
Frances chants phrases taken from a devil's mouth.
You block the two-headed ogre's attack. x2
The red devil completely misses you.
Frances hits you from afar with a +0 glaive!!
* * * LOW HITPOINT WARNING * * *
The barbed spikes dig painfully into your body as you move.
* * * LOW HITPOINT WARNING * * *
You climb upwards.
There is a stone staircase leading down, spattered with blood here.
You claw the two-headed ogre!
The two-headed ogre is lightly wounded.
You barely miss the two-headed ogre.
The two-headed ogre is lightly wounded.
You block the two-headed ogre's attack.
The two-headed ogre hits you with a +0 giant spiked club!
* * * LOW HITPOINT WARNING * * *
You mangle the two-headed ogre!!
The two-headed ogre is severely wounded.
You barely miss the two-headed ogre.
The two-headed ogre is severely wounded.
The two-headed ogre hits you with a +0 giant spiked club!
* * * LOW HITPOINT WARNING * * *
The two-headed ogre hits you with a +0 giant spiked club!
You die...

#.#######
#..##### #.#
#....... #.#
#######..#####
#.# #........#
#.# #.######)#
#.# #.# #.# #.#
#.# #.# ##.###.#
#.# #.@....# #.#
#†O##..######>#
#...........#.#
##...#[.####.#.#
#....)..#
#.#.#####
#.#.#.#.#
#........
#..###..#
#########
#.#.#.#<# ##
#..#.#..## #.


You could see a two-headed ogre.

Vanquished Creatures
  An azure jelly (Lair:5)
  2 orc warlords
  Azrael (Orc:2)
  5 hydras
  5 catoblepae
  3 two-headed ogres
  2 boulder beetles
  6 death yaks (Lair:5)
  Urug (D:12)
  5 orc high priests
  4 orc knights
  2 ugly things
  An orc sorcerer (Orc:2)
  6 manticores
  An oklob plant (Lair:4)
  2 cyclopes (D:12)
  Maurice (Orc:2)
  6 black mambas
  4 merfolk sirens (Lair:2)
  5 elephants (Lair:3)
  A kobold demonologist (D:11)
  Maggie (D:10)
  9 cane toads
  An efreet (D:12)
  10 komodo dragons
  4 trolls
  2 polar bears (Lair:3)
  12 blink frogs
  17 dream sheep
  Grinder (D:6)
  Sigmund (D:3)
  A shadow (D:10)
  2 wyverns
  6 slime creatures
  2 wraiths
  61 yaks
  5 fire elementals (Orc:2)
  2 basilisks
  6 vampire mosquitoes
  An unseen horror simulacrum (D:9)
  Menkaure (D:7)
  5 wargs
  11 water moccasins
  3 acid dragons
  37 orc warriors
  A black bear (Lair:2)
  3 ice beasts
  A sky beast (D:8)
  4 ogres
  5 centaurs
  13 wolves
  3 phantoms
  3 kobold brigands
  9 bullfrogs
  A scorpion (D:3)
  A troll zombie (D:10)
  8 killer bees
  A howler monkey (D:13)
  An electric eel (Lair:5)
  3 jellies (Lair:5)
  A hound (D:4)
  10 orc priests
  Natasha (thrice) (D:4)
  2 iguanas
  21 orc wizards
  A troll simulacrum (IceCv)
  5 ogre zombies (D:10)
  21 gnolls
  2 adders
  A shadow imp (D:7)
  14 white imps
  3 ufetubi
  3 worms (D:3)
  A dart slug (D:4)
  65 orcs
  9 endoplasms
  3 giant cockroaches
  15 goblins
  19 hobgoblins
  4 jackals
  15 kobolds
  8 quokkas
  5 ball pythons
  5 bats
  A goblin skeleton (D:10)
  A goblin zombie (D:10)
  A hobgoblin skeleton (D:10)
  4 hobgoblin zombies (D:10)
  2 orc skeletons (D:10)
  10 orc zombies (D:10)
  5 rats
582 creatures vanquished.

Vanquished Creatures (others)
  An unseen horror (D:11)
1 creature vanquished.

Grand Total: 583 creatures vanquished

Notes
Turn   | Place    | Note
-------+----------+-------------------------------------------
     0 | D:1      | MacCMillion the Troll Fighter began the quest for the Orb.
     0 | D:1      | Reached XP level 1. HP: 22/22 MP: 0/0
   289 | D:1      | Reached XP level 2. HP: 23/29 MP: 1/1
   689 | D:2      | Found a faded altar of an unknown god.
   814 | D:2      | Reached XP level 3. HP: 36/36 MP: 2/2
  1267 | D:3      | Reached skill level 3 in Unarmed Combat
  1267 | D:3      | Noticed a scorpion
  1690 | D:3      | Noticed Sigmund
  1720 | D:3      | Killed Sigmund
  1721 | D:3      | Reached skill level 4 in Unarmed Combat
  1721 | D:3      | Reached XP level 4. HP: 45/45 MP: 3/3
  1721 | D:3      | Reached XP level 5. HP: 53/53 MP: 4/4
  1963 | D:3      | Found a snail-covered altar of Cheibriados.
  2054 | D:3      | Reached XP level 6. HP: 61/61 MP: 5/5
  2353 | D:4      | Noticed Natasha
  2364 | D:4      | Killed Natasha
  2440 | D:4      | Noticed Natasha
  2452 | D:4      | Killed Natasha
  2468 | D:4      | Noticed Natasha
  2475 | D:4      | Killed Natasha
  2476 | D:4      | Reached skill level 5 in Unarmed Combat
  2613 | D:4      | Found a radiant altar of Vehumet.
  2691 | D:4      | Found a staircase to the Ecumenical Temple.
  2721 | Temple   | Entered the Ecumenical Temple
  2949 | Temple   | Became a worshipper of Warmaster Okawaru
  3086 | D:5      | Entered Level 5 of the Dungeon
  3127 | D:5      | Reached XP level 7. HP: 30/68 MP: 6/6
  3624 | D:5      | Reached * piety under Okawaru
  3625 | D:5      | Reached skill level 6 in Unarmed Combat
  3881 | D:5      | Found an opulent altar of Gozag.
  3882 | D:5      | Found a glowing silver altar of Zin.
  4260 | D:6      | Noticed Grinder
  4266 | D:6      | Killed Grinder
  4267 | D:6      | Reached skill level 5 in Shields
  4267 | D:6      | Reached skill level 7 in Unarmed Combat
  4267 | D:6      | Reached XP level 8. HP: 75/79 MP: 7/7
  4610 | D:6      | Reached skill level 5 in Fighting
  4617 | D:6      | Reached ** piety under Okawaru
  4858 | D:6      | Reached skill level 8 in Unarmed Combat
  5298 | D:7      | Found a flagged portal.
  5340 | Bailey   | Entered a bailey
  5500 | Bailey   | Reached XP level 9. HP: 88/88 MP: 8/8
  5559 | Bailey   | Reached skill level 1 in Invocations
  5993 | Bailey   | Noticed an orc knight
  6022 | Bailey   | Reached *** piety under Okawaru
  6066 | Bailey   | Noticed an orc warlord
  6237 | D:7      | Reached skill level 9 in Unarmed Combat
  6283 | D:7      | Acquired a manual of Shields
  6284 | D:7      | Acquired 730 gold pieces
  6531 | D:7      | Noticed Menkaure
  6559 | D:7      | Killed Menkaure
  6884 | D:8      | Noticed a komodo dragon
  6900 | D:7      | Killed a komodo dragon
  7200 | D:8      | Found a staircase to the Lair.
  7244 | D:8      | Reached XP level 10. HP: 53/98 MP: 8/11
  7431 | D:9      | Found a burning altar of Makhleb.
  7691 | D:9      | Received a gift from Okawaru
  7772 | D:9      | Found a blossoming altar of Fedhas.
  7823 | D:9      | Found a sparkling altar of Nemelex Xobeh.
  7965 | D:9      | Noticed a two-headed ogre
  7992 | D:9      | Killed a two-headed ogre
  7992 | D:9      | Reached **** piety under Okawaru
  7993 | D:9      | Reached skill level 10 in Unarmed Combat
  8198 | D:9      | Reached skill level 5 in Invocations
  8277 | D:9      | Found a sacrificial altar of Ru.
  8530 | D:10     | Entered Level 10 of the Dungeon
  8603 | D:10     | Found a staircase to the Orcish Mines.
  8819 | D:10     | Noticed a manticore
  8828 | D:10     | Killed a manticore
  8828 | D:10     | Reached ***** piety under Okawaru
  8829 | D:10     | Reached skill level 11 in Unarmed Combat
  8829 | D:10     | Reached XP level 11. HP: 86/107 MP: 9/13
  8930 | D:10     | Found a stormy altar of Qazlal.
  9169 | D:10     | Noticed Maggie
  9188 | D:10     | Killed Maggie
  9496 | D:11     | Noticed a sun demon
  9499 | D:11     | Reached skill level 5 in Dodging
  9516 | D:11     | Reached skill level 1 in Throwing
  9533 | D:11     | Received a gift from Okawaru
  9610 | D:11     | Found a frozen archway.
  9634 | IceCv    | Entered an ice cave
  9776 | IceCv    | HP: 5/109 [spriggan simulacrum (12)]
  9894 | D:11     | Noticed a two-headed ogre
  9901 | D:11     | Killed a two-headed ogre
  9970 | D:11     | Noticed a purple ugly thing
  9984 | D:11     | Killed a purple ugly thing
 10108 | D:11     | Noticed a two-headed ogre
 10115 | D:11     | Killed a two-headed ogre
 10514 | D:11     | Found a runed translucent door.
 10517 | D:11     | Noticed a balrug
 10688 | Lair:1   | Entered Level 1 of the Lair of Beasts
 10847 | Lair:1   | Noticed a boulder beetle
 10856 | Lair:1   | Killed a boulder beetle
 11015 | Lair:1   | Reached skill level 12 in Unarmed Combat
 11052 | Lair:1   | Reached skill level 1 in Armour
 11088 | Lair:1   | Noticed a catoblepas
 11107 | Lair:1   | Killed a catoblepas
 11109 | Lair:1   | Identified the +0 robe of Ugaelonk {rF+ rC+ Str-4} (Okawaru
                  | gifted it to you on level 1 of the Lair of Beasts)
 11109 | Lair:1   | Received a gift from Okawaru
 11177 | Lair:1   | Reached XP level 12. HP: 98/119 MP: 11/15
 11584 | Lair:1   | Reached skill level 10 in Shields
 11704 | Lair:2   | Found a staircase to the Shoals.
 11871 | Lair:2   | Found a hole to the Spider Nest.
 13470 | Lair:3   | Noticed a seven-headed hydra
 14191 | Lair:2   | Acquired the +10 tower shield of Ignorance {rN+ Int-4}
 14191 | Lair:2   | Found the +10 tower shield of Ignorance {rN+ Int-4}
 14192 | Lair:2   | Acquired the +0 cloak "Urphoshry" {*Corrode rElec rF+ rC+}
 14288 | Lair:3   | Killed a 12-headed hydra
 14290 | Lair:3   | Reached skill level 13 in Unarmed Combat
 14307 | Lair:3   | Reached ****** piety under Okawaru
 14950 | Lair:4   | Received a gift from Okawaru
 15004 | Lair:4   | Received a gift from Okawaru
 15087 | Lair:4   | Reached XP level 13. HP: 105/128 MP: 14/17
 15171 | Lair:4   | Found the amulet of the Four Winds {rN+ Will+++ Clar}
 15345 | Lair:4   | Identified the +0 cloak of Summer {rPois rN+ Str+2}
                  | (Okawaru gifted it to you on level 4 of the Lair of Beasts)
 15345 | Lair:4   | Received a gift from Okawaru
 15703 | Lair:4   | Reached skill level 5 in Throwing
 15865 | Lair:5   | Entered Level 5 of the Lair of Beasts
 16189 | Lair:5   | Found a runed translucent door.
 16190 | Lair:5   | Found a viscous altar of Jiyva.
 16192 | Lair:5   | Found a staircase to the Slime Pits.
 16233 | Lair:5   | Reached skill level 14 in Unarmed Combat
 17145 | Lair:5   | Received a gift from Okawaru
 17386 | Lair:5   | Identified the +0 robe "Goilathru" {Dex+4} (Okawaru gifted
                  | it to you on level 5 of the Lair of Beasts)
 17386 | Lair:5   | Received a gift from Okawaru
 17646 | Lair:5   | Noticed an azure jelly
 17848 | Lair:5   | Killed an azure jelly
 18070 | Lair:5   | Reached skill level 15 in Unarmed Combat
 18071 | Lair:5   | Reached XP level 14. HP: 132/140 MP: 19/19
 18332 | Lair:5   | Identified the +2 battleaxe of Regicide {elec, Str+4}
 18619 | Orc:1    | Entered Level 1 of the Orcish Mines
 18890 | Orc:1    | Found a bloodstained altar of Trog.
 19047 | Orc:2    | Entered Level 2 of the Orcish Mines
 19055 | Orc:2    | Noticed Maurice
 19252 | Orc:2    | Found Gocot's Antique Weapon Shoppe.
 19608 | Orc:2    | Killed Maurice
 20293 | Orc:2    | Received a gift from Okawaru
 20324 | Orc:2    | Found Rajimun's General Store.
 20368 | Orc:2    | Found Seamiyst's Jewellery Shoppe.
 20371 | Orc:2    | Found a staircase to the Elven Halls.
 20392 | Orc:2    | Noticed an orc warlord
 20401 | Orc:2    | Killed an orc warlord
 20402 | Orc:2    | Reached skill level 10 in Fighting
 20438 | Orc:2    | Found Tulihei's Antique Armour Boutique.
 20449 | Orc:2    | Noticed an orc warlord
 20510 | Orc:1    | Received a gift from Okawaru
 20620 | Orc:2    | Reached skill level 16 in Unarmed Combat
 20803 | Orc:1    | Killed an orc warlord
 21190 | Orc:2    | Noticed Azrael
 21202 | Orc:2    | Killed Azrael
 21658 | D:12     | Noticed Urug
 21672 | D:12     | Killed Urug
 22375 | D:13     | Noticed Frances
 22391 | D:12     | Mangled by a two-headed ogre

Illustrated notes

Levels and vault maps discovered:
D:1:      kennysheep_arrival_forest, layout_loops_cross
D:2:      layout_loops_cross, shapermc_ecumenical_altar_hornbeckon
D:3:      layout_basic, mainiacjoe_overflow_tiny_flanked,
          hangedman_decor_slide_cut, uniq_sigmund
D:4:      layout_cave_pools, minmay_temple_entry_junction,
          serial_bayou_lagoon_a, kennysheep_small_circle, uniq_natasha
D:5:      layout_rooms, grunt_temple_overflow_gold_and_silver, interstate_on_off
D:6:      layout_loops_corners, minmay_a_box_with_orc_wizards_in_it,
          uniq_grinder
D:7:      layout_basic, lightli_bailey_entry_fortress,
          hangedman_decor_peaks_small, uniq_menkaure
D:8:      layout_rooms, lair_entry_dummy
D:9:      layout_long_grid, mainiacjoe_overflow_catwalk,
          mainiacjoe_overflow_alcove_2, mainiacjoe_overflow_catwalk_spiral,
          serial_ice, serial_ice_h, serial_ice_g, serial_ice_a, serial_ice_m,
          minivault_22
D:10:     layout_long_grid, nicolae_qazlal_style_of_elements, zombieorc1_lemuel,
          small_chamber_with_monster, uniq_maggie
D:11:     dreamdust_dug_too_deep, layout_rooms, portal_ice_cave_entry_imps,
          kennysheep_generic_room_5
D:12:     layout_loops_ring, uniq_urug
D:13:     layout_loops_cross, david_vaults_2, special_room [special_room_bee],
          nicolae_shop_vocational, uniq_frances
Temple:   minmay_temple_curvy_branch
Lair:1:   layout_gridlike, chequers_serial_rivers_small_3, grunt_megastairs_2
Lair:2:   layout_gridlike, elwin_shoals_entry_stream,
          spider_nest_entry_web_field, lemuel_another_geyser
Lair:3:   layout_gridlike, grunt_megastairs_1
Lair:4:   layout_concentric_octagons
Lair:5:   evilmike_catoblepas_cave, layout_regular_city, slime_entry_2,
          nicolae_lair_time_for_slime, serial_bayou_shore_a,
          serial_bayou_shore_b
Orc:1:    layout_diamond_mine, basic_altar
Orc:2:    grunt_orc_gardens, layout_diamond_mine, grunt_orc_garden,
          grunt_orc_garden, grunt_orc_garden, grunt_orc_garden, uniq_maurice,
          uniq_azrael

Skill      XL: |  1  2  3  4  5  6  7  8  9 10 11 12 13 14 |
---------------+-------------------------------------------+-----
Shields        | 3 4 5 6 7 8 9 11 12 13 | 13.0
Unarmed Combat | 4 5 7 8 9 11 12 13 15 16 | 16.5
Fighting       | 3 4 5 6 7 8 9 10 | 10.4
Invocations    | 3 5 6 7 8 9 |  9.7
Dodging        | 3 4 5 |  5.4
Throwing       | 3 4 5 |  5.0
Armour         | 1 3 |  3.2

Action                     |  1- 3 |  4- 6 |  7- 9 | 10-12 | 13-15 || total
---------------------------+-------+-------+-------+-------+-------++-------
  Melee: Unarmed           |   112 |   105 |   341 |   677 |   741 ||  1976
  Throw: Dart              |       |       |       |    12 |       ||    12
         Large rock        |       |       |       |     6 |    27 ||    33
         Boomerang         |       |       |       |       |     6 ||     6
 Invoke: Heroism           |       |       |     4 |     1 |       ||     5
         Finesse           |       |       |       |     1 |     5 ||     6
  Evoke: Wand              |       |       |       |       |     2 ||     2
    Use: Potion            |     1 |       |     1 |     4 |     2 ||     8
         Scroll            |       |       |     9 |    19 |     4 ||    32
   Stab: Sleeping          |       |       |     1 |       |       ||     1
 Armour: Robe              |    28 |    32 |    44 |       |       ||   104
         Acid dragon scale |       |       |    28 |   151 |   121 ||   300
         Skin              |       |       |       |    34 |     2 ||    36
  Dodge: Dodged            |    39 |    64 |   128 |   364 |   400 ||   995
  Block: Kite shield       |    25 |    59 |   145 |   350 |   387 ||   966
